 Dungeon Crawl Stone Soup version 0.30.0-5-g1a98f26d00 (webtiles) character file.

Game seed: 13350718271455374209

290335 GloriousHammer the Wrestler (level 19, -12/193 HPs)
             Began as a Troll Fighter on May 7, 2023.
             Was a High Priest of Wu Jian.
             Killed from afar by an ironbound thunderhulk (57 damage)
             ... with a bolt of lightning
             ... on level 2 of the Vaults on May 8, 2023.
             The game lasted 01:53:58 (41928 turns).

GloriousHammer the Wrestler (Troll Fighter)        Turns: 41928, Time: 01:53:58

Health: -12/193    AC: 19    Str: 29    XL:     19   Next: 93%
Magic:  31/31      EV: 21    Int: 10    God:    Wu Jian [*****.]
Gold:   1387       SH: 19    Dex:  9    Spells: 16/24 levels left

rFire   . .          .
                       - Unarmed
rCold   + + .        b - +3 kite shield of Articulation {MP+9 Slay+3}
rNeg    . . .        a - +4 troll leather armour
rPois   .            g - +2 hat
rElec   .            A - +2 cloak {rC+}
rCorr   .            (gloves unavailable)
SInv    .            (boots unavailable)
Will    +....        i - amulet of reflection
Stlth   +            c - ring of Qufunteeb {rC+ AC+4}
HPRegen 2.12/turn    l - ring of the Hare {EV+10}
MPRegen 0.22/turn

%: reflection
@: no status effects
A: large, unfitting armour, claws 3, regeneration 1, shaggy fur 1, tough skin 1
}: 2/15 runes: serpentine, barnacled
a: Renounce Religion, Wall Jump, Serpent's Lash, Heavenly Storm


You were on level 2 of the Vaults.
You worshipped Wu Jian.
Wu Jian was extremely pleased with you.
You visited 7 branches of the dungeon, and saw 33 of its levels.
You also visited: Ice Cave.

You collected 4955 gold pieces.
You spent 3568 gold pieces at shops.

Inventory:

Missiles
 n - 4 curare-tipped darts
 y - 18 poisoned darts
 B - 16 javelins
 G - 8 silver javelins (quivered)
 L - 5 datura-tipped darts
 U - 11 atropa-tipped darts
 V - 48 large rocks
 X - 3 throwing nets
Armour
 a - a +4 troll leather armour (worn)
 b - the +3 kite shield of Articulation (worn) {MP+9 Slay+3}
   (You acquired it on level 12 of the Dungeon)

   Slay:      It affects your accuracy & damage with ranged weapons and melee
   (+3).
   MP:        It affects your magic capacity (+9).
 g - a +2 hat (worn)
 A - a +2 cloak of cold resistance (worn)
Jewellery
 c - the ring of Qufunteeb (left claw) {rC+ AC+4}
   (You bought it in a shop on level 2 of the Orcish Mines)

   [ring of protection]

   AC:        It affects your AC (+4).
   rC:        It protects you from cold.
 i - an amulet of reflection (around neck)
 l - the ring of the Hare (right claw) {EV+10}
   (You bought it in a shop on level 2 of the Orcish Mines)

   [ring of evasion]

   EV:        It affects your evasion (+10).
 u - the ring of Oneatob {Fly MP+9 Int+3}
   (You found it on level 12 of the Dungeon)

   [ring of flight]

   Int:       It affects your intelligence (+3).
   MP:        It affects your magic capacity (+9).
   Fly:       It grants you flight.
 v - a ring of see invisible
 M - the ring of Ugyohet {rElec rF+ Dex+3}
   (You found it on level 12 of the Dungeon)

   [ring of protection from fire]

   Dex:       It affects your dexterity (+3).
   rF:        It protects you from fire.
   rElec:     It insulates you from electricity.
 N - a ring of positive energy
 R - a ring of resist corrosion
 W - a ring of willpower
 Z - a ring of wizardry
Wands
 d - a wand of paralysis (30)
 f - a wand of light (5)
 w - a wand of flame (3)
 z - a wand of roots (26)
 J - a wand of mindburst (3)
Scrolls
 e - 5 scrolls of fog
 h - 22 scrolls of teleportation
 o - 7 scrolls of immolation
 p - 2 scrolls of silence
 r - 9 scrolls of fear
 t - 3 scrolls of magic mapping
 x - a scroll of butterflies
 P - a scroll of blinking
 T - 4 scrolls of poison
Potions
 j - a potion of mutation
 k - 3 potions of haste
 m - 4 potions of berserk rage
 s - 2 potions of cancellation
 C - 2 potions of heal wounds
 D - 5 potions of attraction
 F - 4 potions of might
 H - 4 potions of lignification
 I - 2 potions of invisibility
 K - a potion of ambrosia
 O - 16 potions of curing
 S - 2 potions of magic
 Y - 4 potions of resistance
Miscellaneous
 q - a phantom mirror
 E - a phial of floods
 Q - a condenser vane


   Skills:
 - Level 13.3 Fighting
 - Level 9.9 Dodging
 - Level 13.3 Shields
 - Level 21.1 Unarmed Combat
 - Level 3.3 Spellcasting
 - Level 5.0 Translocations
 + Level 9.1 Transmutations
 + Level 10.7 Earth Magic


You had 16 spell levels left.
You knew the following spells:

 Your Spells              Type           Power      Damage    Failure   Level
a - Statue Form           Tmut/Erth      14%        N/A       75%         6
b - Lesser Beckoning      Tloc           22%        N/A       9%          2

Your spell library contained the following spells:

 Spells                   Type           Power      Damage    Failure   Level
 Beastly Appendage        Tmut           38%        N/A       1%          1
 Sandblast                Erth           46%        2d11      1%          1
 Wereblood                Tmut           19%        N/A       1%          2
 Apportation              Tloc           22%        N/A       6%          1
 Petrify                  Tmut/Erth      21%        N/A       8%          4
 Stone Arrow              Conj/Erth      24%        3d8       16%         3
 Spider Form              Tmut/Pois      10%        N/A       22%         3
 Kiss of Death            Conj/Necr      4%         2d5       43%         1
 Necrotise                Necr           4%         1d4       43%         1
 Summon Small Mammal      Summ           4%         N/A       43%         1
 Vhi's Electric Charge    Tloc/Air       12%        N/A       45%         3
 Manifold Assault         Tloc           11%        N/A       52%         4
 Passage of Golubria      Tloc           11%        N/A       52%         4
 Ensorcelled Hibernation  Hex/Ice        2%         N/A       56%         2
 Sublimation of Blood     Necr           1%         N/A       56%         2
 Confusing Touch          Hex            1%         N/A       80%         3
 Inner Flame              Hex/Fire       1%         N/A       80%         3
 Vampiric Draining        Necr           1%         2d6       80%         3
 Borgnjor's Vile Clutch   Necr/Erth      6%         N/A       80%         5
 Irradiate                Conj/Tmut      5%         3d13      89%         5
 Anguish                  Hex/Necr       0%         N/A       99%         4
 Dispel Undead            Necr           1%         3d6       99%         4
 Flame Wave               Conj/Fire      1%         2d4       99%         4
 Sticky Flame             Conj/Fire      1%         2d3       99%         4
 Summon Ice Beast         Ice/Summ       1%         N/A       99%         4
 Agony                    Necr           1%         N/A       100%        5
 Arcjolt                  Conj/Air       0%         1d10      100%        5
 Silence                  Hex/Air        0%         N/A       100%        5
 Summon Mana Viper        Hex/Summ       1%         N/A       100%        5
 Dispersal                Tloc           5%         N/A       100%        6
 Plasma Beam              Fire/Air       0%         2x1d11    100%        6
 Monstrous Menagerie      Summ           0%         N/A       100%        7
 Disjunction              Tloc           5%         N/A       100%        8
 Lehudib's Crystal Spear  Conj/Erth      6%         10d3      100%        8
 Maxwell's Capacitive Co  Air            0%         ∞         100%        8


Dungeon Overview and Level Annotations

Branches:
Dungeon (15/15)            Temple (1/1) D:7            Lair (5/5) D:9
 Shoals (4/4) Lair:3        Snake (4/4) Lair:2        Slime (0/5) Lair:5
    Orc (2/2) D:11            Elf (0/3) Orc:2        Vaults (2/5) D:13
 Depths (0/4) D:15          IceCv (visited)
  Crypt: Vaults:2-3

Altars:
Ashenzari
Cheibriados
Dithmenos
Elyvilon
Fedhas
Gozag
Hepliaklqana
Kikubaaqudgha
Makhleb
Nemelex Xobeh
Okawaru
Qazlal
Ru
Sif Muna
Trog
Uskayaw
Vehumet
Wu Jian
Xom
Yredelemnul
Zin
The Shining One

Shops:
D:7 *   D:11 *   D:12 (*   D:14 *   Orc:1 [?   Orc:2 =*([   Shoals:1 ?
Snake:1 [?*(:   Snake:2 *   Vaults:1 [

Annotations:
D:8 1 runed translucent door, Rikonman's ghost, novice DsAr
D:13 exclusion: downstairs
D:14 3 runed translucent doors, Uummannaq's ghost, journeyman MiFi
Lair:2 exclusion: downstairs
Lair:5 1 runed translucent door, exclusion: 2 oklob plants
Snake:3 exclusion: 2 downstairs


Innate Abilities, Weirdness & Mutations

You are too large for most types of armour.
You have claws for hands.
Your natural rate of healing is unusually fast.
You are covered in fur. (AC +1)
You have tough skin. (AC +1)


Message History

You claw the yaktaur!
The yaktaur is moderately wounded.
The yaktaur unwields a +0 arbalest.
You block the yaktaur's attack.
You eviscerate the yaktaur!!!
You kill the yaktaur!
The Council accepts your kill.
The yaktaur shoots a bolt.
You block the bolt with an invisible shield... and reflect it back!
The bolt barely misses the yaktaur.
The yaktaur shoots a bolt.
The bolt barely misses you.
The yaktaur unwields a +0 arbalest.
You block the yaktaur's attack.
You eviscerate the yaktaur!!!
You kill the yaktaur!
The Council accepts your kill.
Your pack is full.
You see here an amulet of faith.
Your pack is full.
You see here an amulet of faith.
Your pack is full.
You see here an amulet of faith.
Your pack is full.
You see here an amulet of faith.
Could not pick up an amulet of faith here; ([A]lways) ignore it?
Autopickup disabled for amulets of faith.
You open the door.
Found a stone staircase leading down.
There is an open door here.
There is a stone staircase leading down here.
You open the door.
There is an open door here.
You now have 1387 gold pieces (gained 26).
As you open the door, it creaks loudly!
There is an open door here.
There is an open door here.
You open the door.
An ironbound preserver, 3 deep trolls and an ironbound thunderhulk come into view.
The ironbound preserver shouts!
The deep troll shouts! x3
The ironbound thunderhulk shouts!
You hear a shout! x3; You hear a roar!
Electricity crackles from the ironbound thunderhulk's apparatus.
The bolt of lightning misses you.
A deep troll comes into view.
An ironbound convoker and a lindwurm come into view.
Found a long sword.
The ironbound convoker shouts!
The lindwurm roars!
Strange energies crackle from the ironbound thunderhulk's apparatus.
The ironbound thunderhulk blinks!
An ironbound thunderhulk comes into view.
It is wielding a +0 dire flail.
There is an open door here.
The ironbound convoker casts a spell at the ironbound preserver.
The ironbound preserver seems to grow stronger.
You lunge at the deep troll, in a flurry of attacks.
You scratch the deep troll but do no damage. x2
Electricity crackles from the ironbound thunderhulk's apparatus.
The bolt of lightning hits you!!!
You spin and attack the deep troll repeatedly.
You mangle the deep troll!!
The deep troll is moderately wounded.
You mangle the deep troll!!
The deep troll is severely wounded.
The deep troll completely misses you. You block the deep troll's attack.
The deep troll claws you but does no damage.
You spin and attack the deep troll repeatedly.
You closely miss the deep troll. x2; You spin and attack the deep troll.
You barely miss the deep troll.
The deep troll is severely wounded.
Strange energies crackle from the ironbound thunderhulk's apparatus.
The ironbound thunderhulk blinks!
You block the deep troll's attack. The deep troll barely misses you.
The deep troll misses you.
A lindwurm comes into view.
You spin and attack the deep troll repeatedly.
The lindwurm roars!
You mangle the deep troll!!
You kill the deep troll!
The Council accepts your kill.
You spin and attack the deep troll repeatedly.
You closely miss the deep troll. You mangle the deep troll!!
The deep troll is heavily wounded.
You spin and attack the deep troll.
You claw the deep troll!
The deep troll is moderately wounded.
Electricity crackles from the ironbound thunderhulk's apparatus.
The bolt of lightning hits you!!! The deep troll bites you!
The deep troll claws you but does no damage.
The deep troll completely misses you.
You spin and attack the deep troll repeatedly.
You mangle the deep troll!!
You kill the deep troll!
The Council accepts your kill.
Electricity crackles from the ironbound thunderhulk's apparatus.
The bolt of lightning misses you.
You spin and attack the deep troll.
You claw the deep troll!
The deep troll is heavily wounded.
Strange energies crackle from the ironbound thunderhulk's apparatus.
The ironbound thunderhulk blinks!
You block the deep troll's attack. x2
The deep troll claws you.
The ironbound convoker casts a spell at the ironbound thunderhulk.
The ironbound thunderhulk seems to grow stronger.
A lindwurm comes into view.
You spin and attack the ironbound preserver repeatedly.
You mangle the ironbound preserver!!
The ironbound preserver is moderately wounded.
You mangle the ironbound preserver!!
The ironbound preserver is heavily wounded.
Electricity crackles from the ironbound thunderhulk's apparatus.
The bolt of lightning misses you.
You block the ironbound preserver's attack.
You spin and attack the ironbound preserver.
You mangle the ironbound preserver!!
The ironbound preserver is severely wounded.
You spin and attack the deep troll.
You completely miss the deep troll. You block the deep troll's attack.
The deep troll completely misses you. The deep troll misses you.
The ironbound preserver gestures wildly while chanting.
The ironbound preserver is healed somewhat.
You scratch the deep troll.
The deep troll is lightly wounded.
You block the deep troll's attack. x2; The deep troll completely misses you. x2
The deep troll claws you! The deep troll closely misses you.
You block the ironbound preserver's attack.
You spin and attack the deep troll.
You mangle the deep troll!!
The deep troll is heavily wounded.
Strange energies crackle from the ironbound thunderhulk's apparatus.
The ironbound thunderhulk blinks!
You block the deep troll's attack. x2
The deep troll claws you!
The ironbound preserver casts a spell.
The ironbound preserver is healed somewhat.
You spin and attack the deep troll.
You claw the deep troll!
The deep troll is severely wounded.
You spin and attack the deep troll repeatedly.
You claw the deep troll!
The deep troll is severely wounded.
You barely miss the deep troll.
The deep troll is severely wounded.
The deep troll closely misses you.
The deep troll claws you but does no damage.
You block the deep troll's attack. x2; The deep troll misses you. x2
You spin and attack the deep troll repeatedly.
You scratch the deep troll.
The deep troll is severely wounded.
You scratch the deep troll but do no damage.
The deep troll is severely wounded.
The ironbound thunderhulk barely misses you.
Electricity crackles from the ironbound thunderhulk's apparatus.
The bolt of lightning hits you!! The deep troll completely misses you.
You block the deep troll's attack. The deep troll claws you!
* * * LOW HITPOINT WARNING * * *
The ironbound convoker gestures at the ironbound thunderhulk while chanting.
The ironbound thunderhulk seems to grow stronger.
There is an open door, spattered with blood here.
You scratch the deep troll.
The deep troll is severely wounded.
You barely miss the deep troll.
The deep troll is severely wounded.
Strange energies crackle from the ironbound thunderhulk's apparatus.
The ironbound thunderhulk blinks!
The deep troll bites you but does no damage.
The deep troll claws you but does no damage.
You block the deep troll's attack.
Unknown command.
You scratch the deep troll.
The deep troll is almost dead.
You mangle the deep troll!!
You kill the deep troll!
The Council accepts your kill.
You mangle the deep troll!!
The deep troll is almost dead.
Strange energies crackle from the ironbound thunderhulk's apparatus.
The ironbound thunderhulk blinks!
You block the deep troll's attack. The deep troll barely misses you.
The deep troll completely misses you.
The ironbound preserver casts a spell.
The ironbound preserver begins to accept its allies' injuries.
You mangle the deep troll!!
You kill the deep troll!
The Council accepts your kill.
Throw: 9 javelins (silver)
Press: ? - help, Q - select action, (/) - cycle Shift-Dir - straight line, f - ironbound convoker
Aim: an ironbound convoker, wielding a +0 morningstar and wearing a +0 scale mail (sheltered from injuries, 69% to hit)
You throw a silver javelin.
The silver javelin pierces through the ironbound thunderhulk!
The ironbound thunderhulk is lightly wounded.
The silver javelin pierces through the ironbound convoker!
The ironbound convoker is lightly wounded.
The silver javelin pierces through the lindwurm!
The lindwurm is lightly wounded.
Strange energies crackle from the ironbound thunderhulk's apparatus.
The ironbound thunderhulk blinks!
The ironbound thunderhulk hits you with a +0 dire flail!!!
* * * LOW HITPOINT WARNING * * *
Electricity crackles from the ironbound thunderhulk's apparatus.
The bolt of lightning misses you.
Blink to where?
Press: ? - help, Dir - move target, p - ironbound convoker
As you read the scroll of blinking, it crumbles to dust.
You close the door.
Things that are here:
a +0 arbalest; a yaktaur corpse Something unseen opens the door.
There is a stone staircase leading up, spattered with blood here.
Electricity crackles from the ironbound thunderhulk's apparatus.
The bolt of lightning hits you!!!
You die...

########
#......#
#......#
#...@..#
#......#
#.."...#
#....).#
#......#
#..)...#
#......#
###O######
#..p...#


You could see an ironbound thunderhulk (strong).

Vanquished Creatures
  Mennas (Vaults:1)
  Bai Suzhen (Snake:4)
  Saint Roka (Orc:2)
  Asterion (Snake:2)
  3 krakens
  Roxanne (Snake:4)
  7 nagarajas
  Ilsuiw (Shoals:3)
  3 vault wardens (Vaults:1)
  3 ironbound preservers
  3 reapers (IceCv)
  3 ironbound thunderhulks (Vaults:1)
  6 very ugly things
  The ghost of 13Fox the Severer, a journeyman MiFi of Uskayaw (D:12)
  4 dire elephants (Vaults:1)
  Azrael (D:13)
  The ghost of phonic the Covert, a journeyman KoEn of Wu Jian (Orc:2)
  A fire dragon (D:12)
  12 merfolk impalers
  3 yaktaur captains (Vaults:1)
  7 merfolk javelineers
  An entropy weaver (Vaults:1)
  A great orb of eyes (Vaults:1)
  A hydra (Lair:5)
  A salamander tyrant (Snake:4)
  A catoblepas (Lair:4)
  A caustic shrike simulacrum (IceCv)
  19 centaur warriors
  6 boulder beetles
  A death knight (D:12)
  13 anacondas
  An alligator snapping turtle (Shoals:3)
  3 two-headed ogres
  An ironbound frostheart (Vaults:1)
  A dancing weapon (D:12)
  A merfolk avatar (Shoals:4)
  16 naga warriors
  6 merfolk aquamancers
  4 satyrs
  A death yak (shapeshifter) (D:15)
  An orc high priest (Orc:2)
  5 shock serpents
  14 naga sharpshooters
  Sonja (Lair:1)
  Nergalle (Orc:2)
  Amaemon (Lair:2)
  10 deep trolls
  17 sea snakes
  A glowing orange brain (Vaults:1)
  4 skysharks
  Pikel (D:6)
  2 spriggan simulacra (IceCv)
  2 obsidian statues (IceCv)
  A bog body (IceCv)
  An ironbound convoker (Vaults:1)
  A necromancer (D:15)
  3 deep elf pyromancers
  8 lindwurms
  A wizard (D:15)
  8 orc knights
  16 mana vipers
  6 naga ritualists
  A deep elf zephyrmancer (D:12)
  17 harpies
  34 ugly things
  11 cyclopes
  7 fauns (Shoals:2)
  3 orc sorcerers (Orc:2)
  10 salamanders
  4 vault sentinels (Vaults:1)
  9 merfolk sirens
  18 manticores
  17 naga magi
  An ice statue (Snake:1)
  2 guardian serpents
  46 black mambas
  6 torpor snails
  2 centaur skeletons (D:15)
  6 water nymphs
  A gargoyle (D:11)
  9 cane toads
  An orange demon (Lair:2)
  A rime drake (Lair:4)
  5 kobold demonologists
  An unseen horror (D:12)
  7 komodo dragons
  Maggie (D:7)
  3 efreet
  2 freezing wraiths (IceCv)
  15 yaktaurs
  2 golden dragon simulacra (IceCv)
  5 trolls
  3 meliai (D:15)
  4 tyrant leeches (Lair:5)
  29 merfolk
  3 wind drakes
  8 hornets (Lair:5)
  Grinder (D:3)
  7 blink frogs
  3 dream sheep (Shoals:3)
  A culicivora (shapeshifter) (D:12)
  5 slime creatures
  10 snapping turtles
  10 water elementals
  2 centaur simulacra (D:15)
  7 fire elementals (D:13)
  5 shadows
  3 wraiths
  4 wyverns
  39 yaks
  Eustachio (D:5)
  2 dire elephant simulacra (IceCv)
  6 basilisks
  2 vampires (D:12)
  19 vampire mosquitoes
  A minotaur simulacrum (IceCv)
  A redback (Vaults:1)
  3 steam dragons
  Menkaure (D:4)
  52 nagas
  An acid dragon (D:11)
  6 wargs
  4 hydra simulacra (IceCv)
  A hell hound (D:13)
  8 water moccasins
  34 orc warriors
  2 ice beasts
  A sky beast (D:6)
  A black bear (Lair:3)
  4 ogres
  3 ettin simulacra (IceCv)
  An alligator simulacrum (IceCv)
  16 wolves
  16 centaurs
  A lemure (D:6)
  2 phantoms (D:5)
  A kobold brigand (D:8)
  9 bullfrogs
  4 gnoll sergeants
  A deep troll simulacrum (IceCv)
  4 scorpions
  4 killer bees (D:9)
  5 electric eels (Snake:1)
  A crimson imp (D:7)
  4 jellies
  21 orc priests
  6 hounds
  A sleepcap (D:4)
  2 gnoll boudas
  Jessica (D:3)
  Ijyb (D:5)
  10 iguanas
  23 orc wizards
  3 spectral orcs (Orc:2)
  4 hell rats (Lair:2)
  Robin (D:3)
  13 gnolls
  9 adders
  An ogre simulacrum (Orc:2)
  4 white imps
  2 ufetubi
  4 orc simulacra (Orc:2)
  2 worms
  A dart slug (D:4)
  89 orcs
  3 ball pythons
  7 bats
  9 endoplasms
  3 giant cockroaches
  15 goblins
  4 hobgoblins
  7 jackals
  10 kobolds
  6 quokkas
  6 frilled lizards
  4 rats
  A butterfly (Lair:3)
  11 tentacles
1145 creatures vanquished.

Vanquished Creatures (collateral kills)
  A hydra (Lair:5)
1 creature vanquished.

Vanquished Creatures (others)
  A naga mage (Snake:4)
  A slime creature (D:12)
  A naga (Snake:3)
  Blork the orc (Orc:2)
  10 tentacles
14 creatures vanquished.

Grand Total: 1160 creatures vanquished

Notes
Turn   | Place    | Note
-------+----------+-------------------------------------------
     0 | D:1      | GloriousHammer the Troll Fighter began the quest for the
                  | Orb.
     0 | D:1      | Reached XP level 1. HP: 22/22 MP: 0/0
   120 | D:1      | Reached XP level 2. HP: 29/29 MP: 1/1
  1030 | D:2      | Reached XP level 3. HP: 36/36 MP: 2/2
  1377 | D:3      | Noticed Robin
  1394 | D:3      | Reached XP level 4. HP: 23/45 MP: 3/3
  1411 | D:3      | Reached skill level 3 in Unarmed Combat
  1431 | D:3      | Killed Robin
  1472 | D:3      | Found a hide-covered altar of Uskayaw.
  1632 | D:3      | Found a radiant altar of Vehumet.
  1659 | D:3      | Noticed Jessica
  1666 | D:3      | Reached XP level 5. HP: 53/53 MP: 4/4
  1668 | D:3      | Killed Jessica
  1938 | D:3      | Noticed Grinder
  1950 | D:3      | Killed Grinder
  1951 | D:3      | Reached skill level 4 in Unarmed Combat
  1951 | D:3      | Reached XP level 6. HP: 45/62 MP: 5/5
  2599 | D:4      | Noticed Menkaure
  2615 | D:4      | Killed Menkaure
  2616 | D:4      | Reached XP level 7. HP: 59/71 MP: 6/6
  2773 | D:4      | Reached skill level 5 in Shields
  2773 | D:4      | Reached skill level 5 in Unarmed Combat
  2794 | D:4      | Found a hazy altar of Hepliaklqana.
  2795 | D:4      | Found a glowing golden altar of the Shining One.
  3347 | D:5      | Entered Level 5 of the Dungeon
  3632 | D:5      | Reached skill level 5 in Fighting
  3632 | D:5      | Reached XP level 8. HP: 46/80 MP: 7/7
  3728 | D:5      | Noticed Ijyb
  3740 | D:5      | Killed Ijyb
  3781 | D:5      | Reached skill level 6 in Unarmed Combat
  4558 | D:5      | Reached skill level 7 in Unarmed Combat
  4669 | D:5      | Noticed Eustachio
  4691 | D:5      | Killed Eustachio
  5082 | D:6      | Reached XP level 9. HP: 83/89 MP: 8/8
  5222 | D:6      | Found a stormy altar of Qazlal.
  5403 | D:6      | Reached skill level 8 in Unarmed Combat
  5786 | D:7      | Noticed Pikel
  5812 | D:6      | Killed Pikel
  6351 | D:7      | Found Zisawad's Assorted Antiques.
  6353 | D:7      | Paralysed by an orc wizard for 5 turns
  6380 | D:7      | Bought a scroll labelled ATRIVA ESEWI for 31 gold pieces
  6380 | D:7      | Bought a purple potion for 27 gold pieces
  6380 | D:7      | Bought a glowing coppery potion for 27 gold pieces
  6380 | D:7      | Bought an embroidered cloak for 232 gold pieces
  6533 | D:7      | Reached skill level 9 in Unarmed Combat
  6835 | D:7      | Found a staircase to the Ecumenical Temple.
  6836 | D:7      | Noticed Maggie
  6847 | D:7      | Killed Maggie
  6875 | Temple   | Entered the Ecumenical Temple
  7593 | D:8      | Found a runed translucent door.
  7739 | D:8      | Found an opulent altar of Gozag.
  7871 | D:8      | Reached XP level 10. HP: 85/100 MP: 9/9
  8166 | D:8      | Noticed Rikonman's ghost (novice DsAr)
  8166 | D:8      | Identified the +1 trident of Mutilation {heavy, +Blink rC+
                  | Will+ Int+5}
  8269 | D:9      | Found a staircase to the Lair.
  8307 | D:9      | Reached skill level 10 in Unarmed Combat
  9043 | D:10     | Entered Level 10 of the Dungeon
  9672 | D:10     | Reached skill level 5 in Dodging
  9672 | D:10     | Reached skill level 11 in Unarmed Combat
  9680 | D:10     | Found an ornate altar of the Wu Jian Council.
  9687 | D:10     | Found a shimmering altar of Xom.
  9690 | D:10     | Found a snail-covered altar of Cheibriados.
  9690 | D:10     | Found a sparkling altar of Nemelex Xobeh.
  9694 | D:10     | Became a worshipper of the Wu Jian Council
  9704 | D:10     | Found a sacrificial altar of Ru.
 10056 | Lair:1   | Entered Level 1 of the Lair of Beasts
 10238 | D:9      | Reached XP level 11. HP: 104/109 MP: 10/10
 11280 | Lair:1   | Reached skill level 12 in Unarmed Combat
 11348 | Lair:1   | Noticed Sonja
 11350 | Lair:1   | Killed Sonja
 11629 | Lair:1   | Reached * piety under Wu Jian
 11903 | Lair:1   | Noticed a boulder beetle
 11920 | Lair:1   | Killed a boulder beetle
 11987 | Lair:2   | Noticed Amaemon
 11998 | Lair:2   | Paralysed by Amaemon for 4 turns
 12007 | Lair:2   | Killed Amaemon
 12015 | Lair:2   | Reached XP level 12. HP: 48/122 MP: 11/11
 12362 | Lair:2   | Found a staircase to the Snake Pit.
 12554 | Lair:2   | Reached skill level 13 in Unarmed Combat
 12889 | Lair:3   | Reached ** piety under Wu Jian
 13251 | Lair:3   | Found a staircase to the Shoals.
 13840 | Lair:4   | Noticed a catoblepas
 13853 | Lair:4   | Killed a catoblepas
 14679 | Lair:5   | Entered Level 5 of the Lair of Beasts
 14679 | Lair:5   | Noticed a five-headed hydra
 14686 | Lair:5   | Killed a five-headed hydra
 14687 | Lair:5   | Reached skill level 10 in Shields
 14905 | Lair:5   | Reached skill level 14 in Unarmed Combat
 15058 | Lair:5   | Found a staircase to the Slime Pits.
 15167 | Lair:5   | Noticed a four-headed hydra
 15184 | Lair:5   | Killed a five-headed hydra
 15494 | Lair:5   | Found a runed translucent door.
 15494 | Lair:5   | Noticed an ice dragon
 15518 | Lair:5   | Paralysed by a hornet for 2 turns
 15549 | Lair:5   | Reached XP level 13. HP: 88/131 MP: 12/12
 15651 | Lair:5   | Paralysed by a hornet for 1 turns
 17035 | D:11     | Reached *** piety under Wu Jian
 17131 | D:11     | Found a staircase to the Orcish Mines.
 17268 | D:11     | Found Cuweero's Elemental Accessories.
 17811 | D:12     | Found a runed translucent door.
 17820 | D:12     | Identified a scroll of acquirement
 17821 | D:12     | Acquired the +3 kite shield of Articulation {MP+9 Slay+3}
 17886 | D:12     | Found a shimmering altar of Xom.
 17886 | D:12     | Noticed 13Fox's ghost (journeyman MiFi)
 17886 | D:12     | Identified the +8 long sword "Nyivuri" {chaos, rCorr Str+3}
 17934 | D:12     | Reached skill level 15 in Unarmed Combat
 18017 | D:12     | Identified the ring of Oneatob {Fly MP+9 Int+3}
 18053 | D:12     | Noticed a fire dragon
 18066 | D:12     | Reached **** piety under Wu Jian
 18143 | Orc:1    | Entered Level 1 of the Orcish Mines
 18184 | Orc:1    | Found a burning altar of Makhleb.
 18219 | Orc:1    | Reached skill level 10 in Fighting
 18286 | Orc:1    | Found Tahacrerr's Antique Armour Shoppe.
 18603 | Orc:1    | Found Sotualiz's Magic Scroll Boutique.
 18606 | Orc:1    | Bought a scroll of enchant armour for 82 gold pieces
 18606 | Orc:1    | Bought a scroll of noise for 11 gold pieces
 18637 | Orc:2    | Entered Level 2 of the Orcish Mines
 19023 | Orc:2    | Found a runed translucent gate.
 19023 | Orc:2    | Found a runed translucent gate.
 19025 | Orc:2    | Found a runed translucent gate.
 19144 | Orc:2    | Noticed Blork the orc
 19150 | Orc:2    | Killed Blork the orc
 19153 | Orc:2    | Noticed Saint Roka
 19634 | Orc:2    | Killed Saint Roka
 19641 | Orc:2    | Reached ***** piety under Wu Jian
 19656 | Orc:2    | Reached XP level 14. HP: 39/143 MP: 3/13
 19798 | Orc:2    | Noticed Nergalle
 19814 | Orc:2    | Killed Nergalle
 19976 | Orc:2    | Found Qarak's Antique Weapon Boutique.
 20115 | Orc:2    | Found Ovacluzi's Antique Armour Boutique.
 20130 | Orc:2    | Found Moahac's General Store.
 20137 | Orc:2    | Bought a potion of magic for 112 gold pieces
 20137 | Orc:2    | Bought a scroll of identify for 28 gold pieces
 20206 | Orc:2    | Found a staircase to the Elven Halls.
 20254 | Orc:2    | Found Zogg's Jewellery Boutique.
 20346 | Orc:2    | Noticed phonic's ghost (journeyman KoEn)
 20372 | Orc:2    | Killed phonic's ghost
 20428 | Orc:2    | Bought a ring of protection from fire for 350 gold pieces
 20486 | D:12     | Found Wuwutwugo's Assorted Antiques.
 20545 | D:12     | Reached skill level 16 in Unarmed Combat
 20751 | D:12     | Found Bonnytas's Antique Weapon Shoppe.
 20968 | D:12     | Identified the ring of Ugyohet {rElec rF+ Dex+3}
 20968 | D:12     | Identified the +0 robe of Fortitude {Harm rF++ rC- Str+3}
 21141 | D:12     | Killed 13Fox's ghost
 21274 | D:13     | Noticed Azrael
 21305 | D:13     | Killed Azrael
 21594 | D:13     | Noticed an ironbound preserver
 21618 | D:13     | Killed an ironbound preserver
 21647 | D:13     | Found a gate to the Vaults.
 22452 | D:14     | Reached skill level 17 in Unarmed Combat
 22491 | D:14     | Found a runed translucent gate.
 22502 | D:14     | Found a runed translucent gate.
 22502 | D:14     | Noticed Uummannaq's ghost (journeyman MiFi)
 22503 | D:14     | Found a runed translucent gate.
 22649 | D:14     | Found Tarapt's Assorted Antiques.
 22710 | D:14     | Reached XP level 15. HP: 153/153 MP: 14/14
 23018 | D:14     | Identified the +5 quarterstaff of Dullness {flame, Fly
                  | rPois rF- SInv}
 23717 | Orc:2    | Bought the ring of the Hare {EV+10} for 1792 gold pieces
 23717 | Orc:2    | Found the ring of the Hare {EV+10}
 23839 | D:15     | Entered Level 15 of the Dungeon
 24253 | D:15     | Noticed an emperor scorpion
 24264 | D:15     | an emperor scorpion changed into a death yak
 24279 | D:15     | Reached ****** piety under Wu Jian
 24399 | D:15     | Found a staircase to the Depths.
 24414 | D:15     | Reached skill level 18 in Unarmed Combat
 24622 | Snake:1  | Entered Level 1 of the Snake Pit
 24672 | Snake:1  | Found a frozen archway.
 24704 | IceCv    | Entered an ice cave
 26627 | Snake:1  | Found Sucs's Armour Boutique.
 26628 | Snake:1  | Found Fuaqerch's General Store.
 26628 | Snake:1  | Found Abapn's Magic Scroll Boutique.
 26633 | Snake:1  | Found Biocou's Weapon Shop.
 26805 | Snake:1  | Found Jischyjua's Book Shop.
 27014 | Snake:1  | Reached XP level 16. HP: 165/165 MP: 15/15
 27542 | Snake:2  | Noticed Asterion
 27566 | Snake:2  | Killed Asterion
 27567 | Snake:2  | Reached skill level 19 in Unarmed Combat
 28137 | Snake:2  | Found Olliwneq's Overcharged Wands.
 29283 | Snake:3  | Reached skill level 20 in Unarmed Combat
 29283 | Snake:3  | Reached XP level 17. HP: 175/175 MP: 16/16
 30014 | Snake:3  | Found a sacrificial altar of Ru.
 30224 | Snake:4  | Entered Level 4 of the Snake Pit
 30870 | Snake:4  | Acquired 1142 gold pieces
 30979 | Snake:4  | Identified Roxanne's Quarto of Oromancy
 30979 | Snake:4  | Noticed Roxanne
 31216 | Snake:4  | Reached skill level 21 in Unarmed Combat
 31450 | Snake:4  | Reached skill level 1 in Earth Magic
 31454 | Snake:4  | Reached skill level 1 in Transmutations
 31607 | Snake:4  | Reached skill level 1 in Spellcasting
 31777 | Snake:4  | Killed Roxanne
 31945 | Snake:4  | Reached XP level 18. HP: 151/185 MP: 15/19
 32588 | Snake:4  | Noticed Bai Suzhen
 32607 | Snake:4  | Killed Bai Suzhen
 33067 | Snake:4  | Got a serpentine rune of Zot
 33290 | Snake:4  | Upgraded the game from 0.30.0-3-ga4e48a9924 to
                  | 0.30.0-5-g1a98f26d00
 34083 | Orc:2    | Bought the ring of Qufunteeb {rC+ AC+4} for 700 gold pieces
 34292 | Shoals:1 | Entered Level 1 of the Shoals
 34364 | Shoals:1 | Learned a level 6 spell: Statue Form
 34480 | Snake:1  | Bought the Commentary on the Nival Map for 176 gold pieces
 34483 | Snake:1  | Learned a level 2 spell: Lesser Beckoning
 34599 | Shoals:1 | Found Zivasu Cyako's Magic Scroll Shoppe.
 34927 | Shoals:1 | Reached skill level 1 in Translocations
 35005 | Shoals:1 | Reached skill level 5 in Earth Magic
 35902 | Shoals:2 | Reached skill level 5 in Transmutations
 37452 | Shoals:3 | Noticed Ilsuiw
 37473 | Shoals:3 | Killed Ilsuiw
 37474 | Shoals:3 | Reached XP level 19. HP: 127/193 MP: 22/22
 37899 | Shoals:4 | Entered Level 4 of the Shoals
 38242 | Shoals:4 | Reached skill level 5 in Translocations
 38307 | Shoals:4 | Got the Omnibus of the Morgue
 38436 | Shoals:4 | Got a barnacled rune of Zot
 39210 | Shoals:4 | Identified the staff of earth "Usso" {rElec rCorr Str+4
                  | Dex-2}
 39561 | Vaults:1 | Entered Level 1 of the Vaults
 39679 | Vaults:1 | Paralysed by a great orb of eyes for 2 turns
 39866 | Vaults:1 | Found Xohum's Antique Armour Shop.
 41018 | Vaults:1 | Reached skill level 10 in Earth Magic
 41768 | Vaults:2 | Noticed Mennas
 41790 | Vaults:1 | Killed Mennas
 41928 | Vaults:2 | Killed from afar by an ironbound thunderhulk

Illustrated notes

Levels and vault maps discovered:
D:1:      ldierk_walled_garden, layout_basic
D:2:      layout_loops_ring
D:3:      layout_basic, nicolae_vehumet_radiance, mainiacjoe_overflow_boulevard,
          uniq_robin, uniq_jessica, uniq_grinder
D:4:      layout_gridville, nicolae_overflow_hidden_temple,
          minmay_misc_feat_columns, chequers_serial_rivers_small_b,
          uniq_menkaure
D:5:      cheibrodos_barr_body, layout_layer_cave, uniq_ijyb, uniq_eustachio
D:6:      layout_basic, nicolae_qazlal_style_of_elements
D:7:      layout_layer_cave, temple_green, serial_shops,
          nicolae_shop_real_fake_doors, minmay_fire_ice_demons, uniq_maggie,
          uniq_pikel
D:8:      layout_loops_ring, old_standard_altar, ebering_ghost_funeral_grove
D:9:      layout_basic, lair_entry_dummy
D:10:     layout_long_grid, nicolae_overflow_hallway_of_the_gods
D:11:     layout_loops_ring, hiddenorc2_lemuel, nicolae_elemental_shop
D:12:     minmay_the_grid_triangle_9x9_recursive_2
          [minmay_the_grid_triangle_9x9_prize_top_heavy,
          minmay_the_grid_triangle_9x9_minimal,
          minmay_the_grid_triangle_9x9_pentomino_pain,
          minmay_the_grid_triangle_9x9_semitri], layout_rooms,
          ebering_ghost_xom, serial_shops, nicolae_stop_n_shop_2,
          nicolae_shop_tiny_real_fake_doors, minmay_fractal_squares_5
D:13:     layout_roguey, skrybe_vaults_entry_preservation, uniq_azrael
D:14:     layout_gridville, serial_shops, nicolae_shop_pleasant_corner_grove,
          maelrawn_ghost_gauntlet_escape, grunt_decor_clamped, water_maze_lemuel
D:15:     grunt_enter_depths_magical_seal, layout_rooms, minivault_14,
          minivault_16
Temple:   grunt_temple_mini_profane
Lair:1:   beast_lair_carwin_large_4, layout_cellular_growth, uniq_sonja
Lair:2:   layout_concentric_octagons, guppyfry_snake_entry_garden, uniq_amaemon
Lair:3:   layout_roguey, shoals_dummy_entry, grunt_megastairs_5,
          lemuel_fruit_fields
Lair:4:   layout_loops_ring, grunt_megastairs_4, infiniplex_staircase_pool_2,
          serial_bayou_shore_b, lemuel_fruit_tree
Lair:5:   wormcave, layout_regular_city, minmay_slime_entry_oklob_open,
          lemuel_old_faithful
Shoals:1: layout_shoals, serial_shops, nicolae_take_the_stairs
Shoals:2: layout_shoals, nicolae_shoals_mertower
Shoals:3: layout_shoals, uniq_ilsuiw
Shoals:4: shoals_end_simple, layout_shoals
Snake:1:  layout_basic, portal_ice_cave_entry_ice_statue_one, serial_shops,
          shop, minmay_shoptagon, serial_bayou_shore_b, grunt_megastairs_2,
          serial_bayou_shore_a, serial_bayou_shore_b
Snake:2:  layout_chambers, nicolae_shop_overcharged_wands, uniq_asterion
Snake:3:  layout_onion, basic_altar, nicolae_snake_biting_tails
Snake:4:  minmay_snake_end_coiled, layout_cave_town, st_stairs_13, drop_trap,
          nicolae_snake_boneroom, uniq_bai_suzhen, uniq_roxanne
Orc:1:    layout_caves, basic_altar, serial_shops, nicolae_shop_rolled_up, shop,
          nicolae_shop_statue_plus, mines1_david
Orc:2:    grunt_orc_cross, layout_caves, gammafunk_ghost_necromancy
Vaults:1: special_room_vaults [special_room_orc],
          ontoclasm_vaults_decontamination, v_misc_26, dpeg_vaults_monster_row,
          hangedman_vaults_impose, v_misc_10, vaults_dpeg_diagonal,
          ontoclasm_vaults_twist, nicolae_vaults_storage_room_doors,
          vaults_room_boxed, nicolae_vaults_tangram_1,
          nicolae_vaults_storage_closets_1, vaults_dpeg_encased_lava,
          nicolae_vaults_tetromino_T_1, layout_vaults_big_room, serial_shops,
          nicolae_shop_hallway_stairs
Vaults:2: nicolae_vaults_hallways_thing, minmay_crypt_entry_nasty_monster,
          nicolae_vaults_storage_closets_3,
          vaults_standard_mumra_enter_the_diamond, v_alt_pattern_5,
          nicolae_vaults_closet_pinwheel_5, ontoclasm_vaults_idyll, v_misc_12,
          hangedman_vaults_unwind, grunt_vaults_focal,
          ontoclasm_vaults_loading_screen, nicolae_vaults_circle_grid_b,
          layout_vaults_maze, serial_shops, nicolae_shop_crystal, uniq_mennas

Skill      XL: |  1  2  3  4  5  6  7  8  9 10 11 12 13 14 15 16 17 18 19 |
---------------+----------------------------------------------------------+-----
Shields        | 3 4 5 6 7 8 9 10 11 12 13 | 13.3
Fighting       | 3 4 5 6 7 8 9 10 11 12 13 | 13.3
Unarmed Combat | 3 4 5 7 9 11 12 14 15 17 18 20 21 | 21.1
Dodging        | 3 5 6 7 8 9 |  9.9
Earth Magic    | 2 7 10 | 10.7
Transmutations | 1 6 9 |  9.1
Spellcasting   | 1 3 |  3.3
Translocations | 4 5 |  5.0

Action                     |  1- 3 |  4- 6 |  7- 9 | 10-12 | 13-15 | 16-18 | 19-21 || total
---------------------------+-------+-------+-------+-------+-------+-------+-------++-------
  Melee: Unarmed           |    81 |   126 |   416 |   682 |  1342 |  1161 |   641 ||  4449
  Throw: Stone             |       |       |       |     6 |       |       |       ||     6
         Dart              |       |       |       |     5 |       |       |       ||     5
         Large rock        |       |       |       |    10 |     8 |       |       ||    18
         Boomerang         |       |       |       |       |       |     3 |       ||     3
         Javelin           |       |       |       |       |       |       |     1 ||     1
   Cast: Lesser Beckoning  |       |       |       |       |       |       |    12 ||    12
 Invoke: Heavenly Storm    |       |       |       |       |     1 |     3 |     2 ||     6
         Serpent's Lash    |       |       |       |       |       |     5 |     2 ||     7
Ability: Lunge             |       |       |       |    18 |    94 |   105 |    50 ||   267
         Whirlwind         |       |       |       |    48 |    95 |   173 |   164 ||   480
  Evoke: Wand              |       |       |       |    12 |    11 |       |       ||    23
         Box of beasts     |       |       |       |     1 |       |       |       ||     1
    Use: Scroll            |       |       |     5 |    14 |    13 |     6 |     2 ||    40
         Potion            |       |       |       |     1 |     4 |     4 |     4 ||    13
   Stab: Sleeping          |       |     1 |       |       |       |       |       ||     1
         Invisible         |       |       |       |     1 |     4 |       |       ||     5
         Paralysed         |       |       |       |       |     1 |       |       ||     1
 Armour: Robe              |    17 |    40 |       |       |       |       |       ||    57
         Animal skin       |       |    23 |   135 |    13 |       |       |       ||   171
         Troll leather arm |       |       |       |   245 |   310 |   153 |    71 ||   779
  Dodge: Dodged            |    39 |    42 |   124 |   226 |   348 |   588 |   240 ||  1607
  Block: Kite shield       |    23 |    40 |   169 |   325 |   594 |   617 |   290 ||  2058
         Reflection        |       |       |       |       |       |       |    15 ||    15
